 Dungeon Crawl Stone Soup version 0.31-a0-672-g7da72447bb (webtiles) character file.

Game seed: 15996744347245676187

8782 cforsyth the Fighter (level 11, -2/87 HPs)
             Began as a Djinni Cinder Acolyte on Sept 4, 2023.
             Was a High Priest of Ignis.
             Slain by a boulder beetle (16 damage)
             ... on level 10 of the Dungeon.
             The game lasted 00:25:15 (12251 turns).

cforsyth the Fighter (Djinni Cinder Acolyte)       Turns: 12251, Time: 00:25:16

Health: -2/87      AC: 11    Str: 13    XL:     11   Next: 62%
Gold:   554        EV: 15    Int: 27    God:    Ignis [*****.] SH:  5 Dex: 12

rFire   + + +        z - +5 broad axe
rCold   x . .        n - +2 buckler
rNeg    . . .        r - +7 toga "Victory" {*Victory Int+7 Slay+7 Clar}
rPois   ∞            k - +0 helmet
rElec   .            (no cloak)
rCorr   .            B - +0 pair of gloves {Dex+3}
SInv    .            (boots unavailable)
Will    +....        (no amulet)
Stlth   +            l - +5 ring of evasion
HPRegen 0.34/turn    (no ring)
MPRegen 0.00/turn

%: clarity, infuse magic (-3 HP)
@: flying
A: sickness immunity, fire resistance 2, cold vulnerability 1, float, innate
caster, HP casting, extra vitality 1
a: Renounce Religion, Fiery Armour, Foxfire Swarm, Rising Flame


You were on level 10 of the Dungeon.
You worshipped Ignis.
Ignis was extremely pleased with you.
You visited 2 branches of the dungeon, and saw 11 of its levels.
You also visited: Sewer and Bailey.

You collected 554 gold pieces.

Inventory:

Hand Weapons
 a - a +0 falchion of flaming
 z - a +5 broad axe (weapon)
 A - the +12 bardiche of Pride {freeze, *Noise rN+ rCorr}
   (You found it in a bailey)

   rN+:       It protects you from negative energy.
   *Noise:    It may make a loud noise when swung.
   rCorr:     It protects you from acid and corrosion.
Missiles
 m - 5 throwing nets
Armour
 k - a +0 helmet (worn)
 n - a +2 buckler (worn)
 r - the +7 toga "Victory" (worn) {*Victory Int+7 Slay+7 Clar}
   (You found it on level 3 of the Dungeon)

   *Victory:  When the wearer kills a threatening monster, it has a chance to
   gain +1 AC, +1 Slay, and +1 Int, capping at +7.
   When the wearer uses a scroll or a potion with a hostile monster in sight,
   its bonuses reset to +0.
   Unequipping it also resets its bonuses to +0.
   Int+7:     It affects your intelligence (+7).
   Slay+7:    It affects your accuracy & damage with ranged weapons and melee
   (+7).
   Clar:      It protects you from confusion, rage, mesmerisation and fear.
 B - a +0 pair of gloves of dexterity (worn)
 E - a +0 troll leather armour
Jewellery
 b - a ring of see invisible
 l - a +5 ring of evasion (left hand)
 J - a ring of fire
Wands
 v - a wand of flame (58)
 y - a wand of charming (2)
Scrolls
 c - 3 scrolls of vulnerability
 d - 3 scrolls of teleportation
 f - a scroll of fog {unknown}
 i - 2 scrolls of enchant weapon
 j - a scroll of butterflies {unknown}
 s - a scroll of blinking {unknown}
 w - 3 scrolls of revelation
 x - a scroll of acquirement
 C - a scroll of brand weapon {unknown}
 D - a scroll of torment {unknown}
 F - a scroll of identify
 G - a scroll of immolation {unknown}
Potions
 e - 6 potions of enlightenment
 g - 2 potions of heal wounds {unknown}
 h - 2 potions of magic {unknown}
 o - a potion of invisibility {unknown}
 p - a potion of mutation
 q - 6 potions of might
 t - a potion of cancellation
 u - 2 potions of lignification
 H - 2 potions of ambrosia
 I - a potion of curing


   Skills:
 + Level 11.0 Fighting
 - Level 10.1 Long Blades
 + Level 7.2 Spellcasting
 + Level 7.2 Conjurations
 + Level 7.2 Hexes
 + Level 7.2 Summonings
 + Level 7.2 Necromancy
 + Level 7.2 Translocations
 + Level 7.2 Transmutations
 + Level 7.2 Fire Magic
 + Level 7.2 Ice Magic
 + Level 7.2 Air Magic
 + Level 7.2 Earth Magic
 + Level 7.2 Poison Magic


You knew the following spells:

 Your Spells              Type           Power      Damage    Failure   Level
a - Scorch                Fire           98%        2d9       1%          2
b - Sandblast             Erth           98%        2d20      1%          1
c - Momentum Strike       Conj/Tloc      98%        3d10      1%          2
d - Ignite Poison         Fire/Tmut/Pois 49%        N/A       1%          3
e - Flame Wave            Conj/Fire      49%        2d12      4%          4
f - Alistair's Intoxicat  Tmut/Pois      32%        N/A       11%         5
Your spell library was empty.

Dungeon Overview and Level Annotations

Branches:
Dungeon (10/15)            Temple (1/1) D:6            Lair (0/5) D:9
    Orc (0/2) D:9           Sewer (visited)          Bailey (visited)

Altars:
Ashenzari
Cheibriados
Dithmenos
Elyvilon
Fedhas
Hepliaklqana
Makhleb
Nemelex Xobeh
Okawaru
Qazlal
Ru
Trog
Uskayaw
Wu Jian
Xom
Yredelemnul
The Shining One

Shops:
D:2 :*   D:3 ?(![[   D:7 *


Innate Abilities, Weirdness & Mutations

You are immune to sickness and miasma.
You are immune to poison.
Your flesh is very heat resistant. (rF++)
You are vulnerable to cold. (rC-)
You float through the air rather than walking.
You learn spells naturally, not from books.
Your magical power is your life essence.
You have superior vitality. (+4 MHP)


Message History

The boulder beetle is moderately wounded.
The boulder beetle bites you. The boulder beetle bites you!
The boulder beetle closely misses you. The boulder beetle bites you.
The boulder beetle attacks as it pursues you!
The boulder beetle bites you!
The boulder beetle leaps!
As you open the door, it creaks loudly! The boulder beetle bites you!
There is an open door here.
The boulder beetle attacks as it pursues you!
The boulder beetle bites you!
The boulder beetle curls into a ball and begins rolling!
The boulder beetle closely misses you.
The boulder beetle stops rolling and uncurls.
There is a stone staircase leading up here.
Casting: Scorch (safe; 1% risk of failure)
Confirm with . or Enter, or press ? or * to list all spells.
Flames lash the boulder beetle but do no damage.
The boulder beetle bites you.
Casting: Scorch (safe; 1% risk of failure)
Confirm with . or Enter, or press ? or * to list all spells.
Flames lash the boulder beetle but do no damage.
The boulder beetle misses you.
Casting: Scorch (safe; 1% risk of failure)
Confirm with . or Enter, or press ? or * to list all spells.
Flames lash the boulder beetle.
The boulder beetle is moderately wounded.
The boulder beetle's fire resistance burns away.
The boulder beetle curls into a ball and begins rolling!
The boulder beetle barely misses you.
Casting: Scorch (safe; 1% risk of failure)
Confirm with . or Enter, or press ? or * to list all spells.
Flames lash the boulder beetle.
The boulder beetle is burned terribly!
The boulder beetle is heavily wounded.
The boulder beetle bites you!
* * * LOW HITPOINT WARNING * * *
Unknown command.
The boulder beetle bites you!
You die...

#######..........#...#...(.......
......'..........'...#...........
......#..........#...#...........
......#..........##+##...........
......#..........................
#######.###########.....######...
........#.........#.....# #...
........#.........#.....# #...
........'°○○B..B@.#.....# #...
.#####..#########'#.....######...
°# #...........................
.#####.........#####..########...
.....#.........# #..# +.##
####.#.........# #..# #. ...#
#.........# #..# #. #..#
..........#####..########. #.#
..............(..........


You could see 2 boulder beetles.

Vanquished Creatures
  An orc warlord (Bailey)
  Erolcha (D:10)
  Amaemon (D:8)
  An orange demon (D:8)
  An unseen horror (D:9)
  A troll (D:9)
  A hornet (D:9)
  Prince Ribbit (D:9)
  3 shadows
  3 wyverns
  Grum (D:9)
  2 steam dragons (D:8)
  Menkaure (D:4)
  2 acid dragons
  Duvessa (D:7)
  A water moccasin (D:4)
  5 orc warriors (Bailey)
  An ice beast (D:5)
  2 black bears
  3 ogres
  3 wolves
  A centaur (D:7)
  A phantom (D:6)
  Blork the orc (D:5)
  A kobold brigand (D:7)
  A bullfrog (D:8)
  2 gnoll sergeants
  3 scorpions
  5 wights (D:9)
  Dowan (D:7)
  5 spriggan skeletons (D:9)
  6 howler monkeys
  A troll skeleton (D:9)
  3 electric eels (D:9)
  An orc priest (D:8)
  7 hounds
  A jelly (D:7)
  2 sleepcaps
  6 orc wizards
  An iguana (D:4)
  A malarious merfolk avatar (Sewer)
  A sickly merfolk siren (Sewer)
  15 gnolls
  14 adders
  3 river rats (Sewer)
  2 shadow imps
  A white imp (D:5)
  5 worms
  2 dart slugs (D:2)
  21 orcs
  4 bat zombies (D:5)
  4 endoplasms
  5 giant cockroaches
  9 goblins
  7 hobgoblins
  2 jackals (D:4)
  6 quokkas
  10 ball pythons
  5 bats
  6 frilled lizards
  25 kobolds
  25 rats
  2 rat zombies (D:5)
260 creatures vanquished.

Vanquished Creatures (others)
  An orc warrior (D:8)
1 creature vanquished.

Grand Total: 261 creatures vanquished

Notes
Turn   | Place    | Note
-------+----------+-------------------------------------------
     0 | D:1      | cforsyth the Djinni Cinder Acolyte began the quest for the
                  | Orb.
     0 | D:1      | cforsyth set off with the following spells memorised:
                  | Scorch.
     0 | D:1      | Reached XP level 1. HP: 20/20 MP: 0/0
   246 | D:1      | Reached XP level 2. HP: 25/25 MP: 0/0
   478 | D:2      | Found Piluorgh's Vocational Training.
   487 | D:2      | Reached XP level 3. HP: 11/30 MP: 0/0
   487 | D:2      | Learned a level 1 spell: Sandblast
  1124 | D:2      | Found Deruiwat's General Store.
  1156 | D:2      | Reached XP level 4. HP: 27/36 MP: 0/0
  1593 | D:3      | Found Soesaod's Weapon Shoppe.
  1644 | D:3      | Found Asimivuwk's Antique Armour Boutique.
  1647 | D:3      | Found Mipsug's Armour Shop.
  1754 | D:3      | Found Nown's Distillery.
  1762 | D:3      | Found a faded altar of an unknown god.
  1781 | D:3      | Reached skill level 4 in Fighting
  1781 | D:3      | Reached XP level 5. HP: 27/41 MP: 0/0
  1781 | D:3      | Learned a level 2 spell: Momentum Strike
  1889 | D:3      | Found a glowing drain.
  1893 | Sewer    | Entered a sewer
  2147 | Sewer    | Reached XP level 6. HP: 42/48 MP: 0/0
  2656 | D:3      | Found Sagonkage's Magic Scroll Shoppe.
  2724 | D:3      | Found an iron altar of Okawaru.
  2726 | D:3      | Found a runed translucent door.
  2730 | D:3      | Found the +0 toga "Victory" {*Victory Clar}
  3674 | D:3      | Reached XP level 7. HP: 50/53 MP: 0/0
  3674 | D:3      | Learned a level 3 spell: Ignite Poison
  3994 | D:4      | Noticed a water moccasin
  3996 | D:4      | Killed a water moccasin
  3997 | D:4      | Reached skill level 5 in Fighting
  4182 | D:4      | Noticed Menkaure
  4306 | D:4      | Killed Menkaure
  4307 | D:4      | Reached skill level 5 in Long Blades
  4806 | D:4      | Found a sacrificial altar of Ru.
  4810 | D:4      | Reached XP level 8. HP: 51/61 MP: 0/0
  5191 | D:5      | Entered Level 5 of the Dungeon
  5228 | D:5      | Reached skill level 6 in Fighting
  5502 | D:5      | Found a hazy altar of Hepliaklqana.
  5632 | D:5      | Noticed Blork the orc
  5645 | D:5      | Killed Blork the orc
  6171 | D:6      | Found a staircase to the Ecumenical Temple.
  6175 | D:6      | Reached XP level 9. HP: 62/67 MP: 0/0
  6175 | D:6      | Learned a level 4 spell: Flame Wave
  6183 | Temple   | Entered the Ecumenical Temple
  6237 | D:6      | Reached skill level 7 in Fighting
  6883 | D:7      | Found a white marble altar of Elyvilon.
  6913 | D:7      | Reached skill level 5 in Spellcasting
  6913 | D:7      | Reached skill level 5 in Conjurations
  6913 | D:7      | Reached skill level 5 in Hexes
  6913 | D:7      | Reached skill level 5 in Summonings
  6913 | D:7      | Reached skill level 5 in Necromancy
  6913 | D:7      | Reached skill level 5 in Translocations
  6913 | D:7      | Reached skill level 5 in Transmutations
  6913 | D:7      | Reached skill level 5 in Fire Magic
  6913 | D:7      | Reached skill level 5 in Ice Magic
  6913 | D:7      | Reached skill level 5 in Air Magic
  6913 | D:7      | Reached skill level 5 in Earth Magic
  6913 | D:7      | Reached skill level 5 in Poison Magic
  7070 | D:7      | Found Turoub's Overcharged Wands.
  7283 | D:7      | Noticed Duvessa
  7283 | D:7      | Noticed Dowan
  7289 | D:7      | Killed Duvessa
  7297 | D:7      | Reached skill level 8 in Fighting
  7305 | D:7      | Killed Dowan
  7805 | D:8      | Found a bloodstained altar of Trog.
  7871 | D:8      | Noticed Amaemon
  7871 | D:8      | Noticed an orange demon
  7884 | D:8      | Killed Amaemon
  7885 | D:8      | Reached XP level 10. HP: 41/77 MP: 0/0
  7887 | D:8      | Killed an orange demon
  7888 | D:8      | Reached skill level 9 in Fighting
  7915 | D:8      | Found a flagged portal.
  7922 | Bailey   | Entered a bailey
  8115 | Bailey   | Noticed an orc warlord
  8540 | Bailey   | Found a runed translucent gate.
  8543 | Bailey   | Found a runed translucent gate.
  8544 | Bailey   | Found a runed translucent gate.
  8894 | Bailey   | Killed an orc warlord
  9213 | Bailey   | Identified the +12 bardiche of Pride {freeze, *Noise rN+
                  | rCorr}
  9215 | Bailey   | Acquired a +0 pair of gloves of dexterity
  9854 | D:9      | Noticed Grum
 10191 | D:9      | Killed Grum
 10192 | D:9      | Reached skill level 10 in Fighting
 10192 | D:9      | Reached XP level 11. HP: 78/85 MP: 0/0
 10192 | D:9      | Learned a level 5 spell: Alistair's Intoxication
 10434 | D:9      | Found a staircase to the Orcish Mines.
 10444 | D:9      | Found a staircase to the Lair.
 10778 | D:9      | Noticed Prince Ribbit
 10783 | D:9      | Killed Prince Ribbit
 11155 | D:9      | Found a shadowy altar of Dithmenos.
 11776 | D:10     | Entered Level 10 of the Dungeon
 12020 | D:10     | Noticed Erolcha
 12073 | D:10     | Killed Erolcha
 12074 | D:10     | Reached skill level 10 in Long Blades
 12172 | D:10     | Reached skill level 11 in Fighting
 12216 | D:10     | Noticed a boulder beetle
 12218 | D:10     | Noticed a boulder beetle
 12251 | D:10     | Slain by a boulder beetle

Illustrated notes

Levels and vault maps discovered:
D:1:      dpeg_arrival_shelter, layout_rooms, kennysheep_nondescript
D:2:      layout_loops_corners, serial_shops, nicolae_shop_advertising_works
          [nicolae_subvault_shop_adworks], nicolae_shop_vocational
D:3:      layout_basic, nicolae_overflow_guarded_unrand_okawaru_victory,
          hellmonk_ecumenical_altar_pennies_from_heaven, serial_shops, shop,
          shop, shop, shop, shop, gup_sewer_entry_spiral, minmay_distorted
D:4:      layout_loops_ring, mainiacjoe_overflow_alcove_4, uniq_menkaure
D:5:      layout_rooms, mainiacjoe_overflow_cross_hatched,
          lemuel_zombie_altar_kikubaaqudgha, uniq_blork_the_orc
D:6:      layout_basic, minmay_temple_entry_tees
D:7:      layout_loops_ring, mainiacjoe_overflow_catwalk, lemuel_blue_sif_altar,
          nicolae_shop_overcharged_wands, uniq_duvessa
D:8:      layout_gridville, trog_hazing_becter, enter_bailey_2, uniq_amaemon
D:9:      layout_cave_pods, grunt_dithmenos_shadows, erik_lair_island,
          orc_0_dummy, hangedman_tell_no_tales, uniq_grum, uniq_prince_ribbit1
D:10:     layout_irregular_city, grunt_temple_overflow_gold_and_silver,
          minivault_20, uniq_erolcha
Temple:   nicolae_temple_x_marks_the_god

Skill      XL: |  1  2  3  4  5  6  7  8  9 10 11 |
---------------+----------------------------------+-----
Long Blades    | 3 4 5 6 8 9 10 | 10.1
Fighting       | 4 5 6 8 10 11 | 11.0
Spellcasting   | 3 4 5 6 7 |  7.2
Conjurations   | 3 4 5 6 7 |  7.2
Hexes          | 3 4 5 6 7 |  7.2
Summonings     | 3 4 5 6 7 |  7.2
Necromancy     | 3 4 5 6 7 |  7.2
Translocations | 3 4 5 6 7 |  7.2
Transmutations | 3 4 5 6 7 |  7.2
Fire Magic     | 3 4 5 6 7 |  7.2
Ice Magic      | 3 4 5 6 7 |  7.2
Air Magic      | 3 4 5 6 7 |  7.2
Earth Magic    | 3 4 5 6 7 |  7.2
Poison Magic   | 3 4 5 6 7 |  7.2

Action                     |  1- 3 |  4- 6 |  7- 9 | 10-12 || total
---------------------------+-------+-------+-------+-------++-------
  Melee: Falchion          |    58 |     2 |    29 |       ||    89
         Broad axe         |       |       |       |     2 ||     2
   Cast: Scorch            |    23 |    89 |   188 |   195 ||   495
         Momentum Strike   |       |     2 |       |     1 ||     3
         Sandblast         |       |     1 |       |       ||     1
         Flame Wave        |       |       |     2 |       ||     2
         Alistair's Intoxi |       |       |       |     4 ||     4
  Evoke: Wand              |       |       |     2 |     9 ||    11
    Use: Scroll            |       |     6 |     7 |     1 ||    14
         Potion            |       |       |     3 |       ||     3
 Armour: Robe              |    37 |    24 |    65 |    66 ||   192
  Dodge: Dodged            |    43 |    15 |    85 |    46 ||   189
  Block: Buckler           |       |       |    38 |    20 ||    58

Table legend: (Time is in decaauts)
 A = Elapsed time spent in this place.
 B = Non-inter-level travel time spent in this place.
 C = Inter-level travel time spent in this place.
 D = Time resting spent in this place.
 E = Time spent auto-exploring this place.
 F = Levels seen in this place.
 G = Mean time per level.
                   A        B        C        D        E       F      G
               +--------+--------+--------+--------+--------+-----+--------+
         Total |  12275 |  11969 |    306 |   1700 |   8011 |  13 |  944.2 |
       Dungeon |  10302 |   9996 |    306 |   1067 |   7210 |  10 | 1030.2 |
        Temple |      1 |      1 |      0 |      0 |      0 |   1 |    1.0 |
         Sewer |    666 |    666 |      0 |      2 |    429 |   1 |  666.0 |
        Bailey |   1305 |   1305 |      0 |    631 |    372 |   1 | 1305.0 |
               +--------+--------+--------+--------+--------+-----+--------+

Top non-repeatable levels by time:
     D:9: 1596 daAuts
     D:2: 1579 daAuts
     D:3: 1435 daAuts
  Bailey: 1305 daAuts
     D:8: 1232 daAuts
     D:4: 1099 daAuts
     D:7: 1030 daAuts
     D:6: 747 daAuts
     D:5: 681 daAuts
   Sewer: 666 daAuts
    D:10: 476 daAuts
     D:1: 422 daAuts
  Temple: 1 daAuts
